 Dungeon Crawl Stone Soup version 0.21.1-1-g345015f (webtiles) character file.

329 Lilu the Conjurer (level 6, -1/38 HPs)
             Began as a Deep Elf Conjurer on July 24, 2018.
             Slain by Natasha (5 damage)
             ... on level 2 of the Dungeon.
             The game lasted 00:18:26 (3442 turns).

Lilu the Conjurer (Deep Elf Conjurer)               Turns: 3442, Time: 00:18:26

Health: -1/38      AC:  2    Str:  7    XL:     6   Next: 25%
Magic:  8/12       EV: 13    Int: 20    God:
Gold:   155        SH:  0    Dex: 15    Spells: 4/11 levels left

rFire    + . .     SeeInvis .   n - staff of cold
rCold    . . .     Gourm    .   (no shield)
rNeg     . . .     Faith    .   a - +0 robe
rPois    .         Spirit   .   (no helmet)
rElec    .         Reflect  .   (no cloak)
rCorr    .         Harm     .   (no gloves)
MR       .....                  (no boots)
Stlth    ++........             (no amulet)
HPRegen  0.12/turn              h - ring of fire
MPRegen  0.13/turn              q - ring of wizardry

@: slowed, very slow
A: no striking features
a: no special abilities


You were on level 2 of the Dungeon.
You were not hungry.

You visited 1 branch of the dungeon, and saw 3 of its levels.

You collected 155 gold pieces.

Inventory:

Hand Weapons
 d - a +1 scythe of freezing
 o - a +1 dagger of holy wrath
 s - a +1 whip of venom
 x - a cursed -3 dagger
 D - a +0 dagger of venom
Missiles
 r - 24 bolts
Armour
 a - a +0 robe (worn)
 p - a +0 buckler
Magical Staves
 n - an uncursed staff of cold (weapon)
Jewellery
 h - a ring of fire (left hand)
 q - a ring of wizardry (right hand)
Scrolls
 g - 4 scrolls of remove curse {unknown}
 j - a scroll of fear {unknown}
 k - 2 scrolls of identify {unknown}
 t - a scroll of fog {unknown}
 y - a scroll of teleportation {unknown}
Potions
 e - 2 potions of heal wounds {unknown}
 f - 3 potions of lignification {unknown}
 i - a potion of cancellation {unknown}
 l - 2 potions of curing {unknown}
 m - a potion of agility {unknown}
 v - 3 potions of might {unknown}
 w - 3 potions of resistance {unknown}
 A - a potion of magic {unknown}
 B - a potion of berserk rage {unknown}
Books
 b - a book of Conjurations

   Spells                             Type                      Level
   a - Magic Dart                     Conjuration                  1
   b - Searing Ray                    Conjuration                  2
   c - Dazzling Spray                 Conjuration/Hexes            3
   d - Fulminant Prism                Conjuration/Hexes            4
   e - Force Lance                    Conjuration/Translocation    4
   f - Iskenderun's Mystic Blast      Conjuration                  4
 u - a book of Maledictions

   Spells                             Type                      Level
   a - Corona                         Hexes                        1
   b - Ensorcelled Hibernation        Hexes/Ice                    2
   c - Confuse                        Hexes                        3
   d - Tukima's Dance                 Hexes                        3
   e - Dazzling Spray                 Conjuration/Hexes            3
 z - a book of Cantrips

   Spells                             Type                      Level
   a - Confusing Touch                Hexes                        1
   b - Animate Skeleton               Necromancy                   1
   c - Summon Small Mammal            Summoning                    1
   d - Apportation                    Translocation                1
Comestibles
 c - 3 rations


   Skills:
 + Level 3.9 Fighting
 - Level 2.4 Dodging
 - Level 2.4 Stealth
 - Level 1.0 Shields
 - Level 3.0 Spellcasting
 - Level 6.0 Conjurations


You had 4 spell levels left.
You knew the following spells:

 Your Spells              Type           Power        Failure   Level  Hunger
a - Magic Dart            Conj           ####         1%          1    None
b - Searing Ray           Conj           ####..       1%          2    ##.....
c - Iskenderun's Mystic   Conj           ####....     4%          4    ####...


Dungeon Overview and Level Annotations

Branches:
Dungeon (3/15)

Altars:
Dithmenos
Gozag
Wu Jian

Shops:
D:2 *

Annotations:
D:2 Jessica; Natasha
D:3 dscm's ghost, weakling HOMo


Message History

Dscm's ghost is lightly damaged. (Press . to maintain the ray.) Dscm's ghost hits you.
The searing ray hits dscm's ghost.
Dscm's ghost is moderately damaged.
Natasha casts a spell at you.
You feel yourself slow down. Dscm's ghost misses you.
The searing ray misses dscm's ghost.
Natasha stares at you and mumbles some strange words.
The magic dart hits you! Dscm's ghost misses you.
The searing ray misses dscm's ghost.
You finish channeling your searing ray.
Dscm's ghost barely misses you. Dscm's ghost closely misses you.
You can't go down here!
Dscm's ghost hits you. Natasha claws you!
* * * LOW HITPOINT WARNING * * *
You climb upwards.
Level annotation: Jessica
There is a stone staircase leading down here.
Natasha misses you. Natasha claws you.
You die...

# # ###############
# #.............# #
######
#.###########.### #
#....# #.#
#<........# #....#
#.# ########### ##
#....# #.#
.####....####.#####
.........'.(....@>#
#.###....#.##.###h#
#..#######.##.###.#
##.#............#.#
.#.#.#####.##.#.#.#
.+...#........#.#.#
.#...#.###.####.#.#
.#...#.# #.# #.#.#
.#...#.###.####.#.#


You could see Natasha.

Vanquished Creatures
  Sigmund (D:2)
  An orc priest (D:3)
  2 orc wizards (D:3)
  4 adders (D:2)
  A worm (D:2)
  A dart slug (D:1)
  2 leopard geckos
  2 orcs
  2 ball pythons
  3 giant cockroaches
  3 goblins (D:1)
  5 hobgoblins
  6 kobolds
  2 quokkas (D:3)
  9 bats
  4 frilled lizards
  10 rats
58 creatures vanquished.

Notes
Turn   | Place    | Note
-------+----------+-------------------------------------------
     0 | D:1      | Lilu the Deep Elf Conjurer began the quest for the Orb.
     0 | D:1      | Reached XP level 1. HP: 10/10 MP: 6/6
   206 | D:1      | Reached XP level 2. HP: 15/15 MP: 5/8
   281 | D:1      | Learned a level 2 spell: Searing Ray
   286 | D:1      | Reached skill level 5 in Conjurations
   981 | D:2      | Found Gozag's Platinum Reserve.
   988 | D:2      | Reached XP level 3. HP: 19/19 MP: 5/9
  1099 | D:2      | Reached skill level 6 in Conjurations
  1212 | D:2      | Found an opulent altar of Gozag.
  1286 | D:2      | Found an ornate altar of the Wu Jian Council.
  1296 | D:2      | Noticed Jessica
  1296 | D:2      | Noticed Sigmund
  1497 | D:2      | Reached XP level 4. HP: 24/24 MP: 7/10
  1504 | D:2      | Learned a level 4 spell: Iskenderun's Mystic Blast
  1521 | D:2      | Reached skill level 1 in Shields
  2009 | D:3      | Noticed dscm's ghost (weakling HOMo)
  2340 | D:2      | Killed Sigmund
  2340 | D:2      | Reached XP level 5. HP: 32/32 MP: 2/11
  2475 | D:3      | Found a shadowy altar of Dithmenos.
  2772 | D:3      | Reached XP level 6. HP: 28/37 MP: 9/12
  3293 | D:3      | Noticed Natasha
  3442 | D:2      | Slain by Natasha

Skill      XL: |  1  2  3  4 |
---------------+-------------+-----
Conjurations   | 5 6 |  6.0
Shields        | 1 |  1.0
Fighting       | 3 |  3.9
Dodging        | |  2.4
Stealth        | |  2.4
Spellcasting   | |  3.0

Action                   |  1- 3 |  4- 6 || total
-------------------------+-------+-------++-------
Melee: Spear             |     3 |       ||     3
       Staff             |       |     2 ||     2
 Cast: Magic Dart        |    62 |    29 ||    91
       Searing Ray       |     3 |     5 ||     8
       Iskenderun's Myst |       |    17 ||    17
  Eat: Chunk             |     2 |     2 ||     4
       Ration            |       |     2 ||     2
Dodge: Dodged            |    13 |    21 ||    34
